 Dungeon Crawl Stone Soup version 0.22-a0-136-g83a10e5 (webtiles) character file.

151314 tsouns the Fighter (level 17, -15/135 HPs)
             Began as a Gnoll Wanderer on Feb 1, 2018.
             Was an Initiate of Lugonu.
             Demolished by a merfolk impaler
             ... wielding a +2 demon trident of electrocution
              (17 damage)
             ... on level 3 of the Shoals on Feb 2, 2018.
             The game lasted 02:05:17 (35373 turns).

tsouns the Fighter (Gnoll Wanderer)                Turns: 35373, Time: 02:05:18

Health: -15/135    AC: 23    Str: 18    XL:     17   Next: 55%
Magic:  32/32      EV: 22    Int: 21    God:    Lugonu [......]
Gold:   699        SH:  6    Dex: 19    Spells: 10/38 levels left

rFire    . . .     SeeInvis .   P - +3 demon blade (venom)
rCold    . . .     Gourm    .   (no shield)
rNeg     . . .     Faith    .   v - +1 robe "Rayfuyt" {MR+ Str+4 Dex+3 Slay+2}
rPois    .         Spirit   .   t - +2 helmet
rElec    .         Reflect  +   J - +2 cloak {MR+}
rCorr    .         Harm     .   X - +2 pair of gloves
MR       +++..                  L - +2 pair of boots
Stlth    +++.......             F - +6 amulet of reflection
HPRegen  0.32/turn              G - +6 ring of protection
MPRegen  0.23/turn              Z - ring of stealth

@: about to teleport, studying Bows, very slow
A: distributed training, fangs 1, [deformed body], [screaming 1], [subdued magic
2], strong nose
a: Renounce Religion


You were on level 3 of the Shoals.
You worshipped Lugonu.
Lugonu was noncommittal.
You were not hungry.

You visited 5 branches of the dungeon, and saw 30 of its levels.
You visited the Abyss 1 time.

You collected 3005 gold pieces.
You spent 2306 gold pieces at shops.

Inventory:

Hand Weapons
 b - the +5 longbow of Absolution {speed, Int+4}
   (Okawaru gifted it to you on level 2 of the Shoals)

   Attacks with this weapon are significantly faster.
   It affects your intelligence (+4).
 c - the +7 rapier of Istrotzi {pain, Str+5}
   (You found it on level 3 of the Lair of Beasts)

   In the hands of one skilled in necromantic magic, it inflicts extra damage on
   living creatures.
   It affects your strength (+5).
 x - a +8 longbow of flaming
 P - a +3 demon blade of venom (weapon)
Missiles
 d - 503 arrows
 o - 329 bolts
 Q - 8 throwing nets (quivered)
Armour
 e - a +3 leather armour of fire resistance
 t - a +2 helmet (worn)
 v - the +1 robe "Rayfuyt" (worn) {MR+ Str+4 Dex+3 Slay+2}
   (Okawaru gifted it to you on level 2 of the Snake Pit)

   It affects your strength (+4).
   It affects your dexterity (+3).
   It affects your accuracy and damage with ranged weapons and melee attacks
   (+2).
   It affects your resistance to hostile enchantments.
 I - a +0 shield of reflection
 J - a +2 cloak of magic resistance (worn)
 L - a +2 pair of boots (worn)
 X - a +2 pair of gloves (worn)
Jewellery
 k - an uncursed ring of protection from cold
 w - an uncursed ring of see invisible {unknown}
 B - an uncursed amulet of regeneration
 F - a +6 amulet of reflection (around neck)
 G - a +6 ring of protection (left hand)
 Z - a ring of stealth (right hand)
Wands
 a - a wand of paralysis (57)
 z - a wand of acid (17)
 K - a wand of clouds (5)
 M - a wand of iceblast (32)
 N - a wand of enslavement (15)
 R - a wand of flame (46)
 T - a wand of disintegration (32)
 W - a wand of digging (28)
Scrolls
 n - 10 scrolls of amnesia
 q - 8 scrolls of teleportation
 u - 2 scrolls of blinking
 y - 13 scrolls of remove curse
 A - 5 scrolls of magic mapping
 C - 4 scrolls of fog
 E - a scroll of fear
 O - a scroll of immolation
 V - 2 scrolls of identify
Potions
 g - 4 potions of flight
 h - 5 potions of might
 i - 5 potions of brilliance
 j - 4 potions of ambrosia
 m - 2 potions of agility
 p - 2 potions of heal wounds
 r - 5 potions of magic
 s - 6 potions of haste
 D - a potion of invisibility
 H - 2 potions of curing
Books
 Y - a manual of Bows
Miscellaneous
 l - a lightning rod (4/4)
 S - a lamp of fire (inert)
Comestibles
 f - 33 rations


   Skills:
 + Level 12.9 Fighting
 + Level 11.4 Short Blades
 + Level 11.4 Long Blades
 + Level 11.4 Axes
 + Level 11.4 Maces & Flails
 + Level 11.4 Polearms
 + Level 11.4 Staves
 + Level 11.4 Slings
 + Level 12.7 Bows
 + Level 11.4 Crossbows
 + Level 11.4 Throwing
 + Level 11.7 Armour
 + Level 12.2 Dodging
 + Level 11.6 Stealth
 + Level 11.7 Shields
 + Level 11.4 Unarmed Combat
 + Level 11.4 Spellcasting
 + Level 9.7 Conjurations
 + Level 9.7 Hexes
 + Level 9.7 Charms
 + Level 9.7 Summonings
 + Level 9.7 Necromancy
 + Level 9.7 Translocations
 + Level 9.7 Transmutations
 + Level 9.7 Fire Magic
 + Level 9.7 Ice Magic
 + Level 9.7 Air Magic
 + Level 9.7 Earth Magic
 + Level 9.7 Poison Magic
 + Level 12.3 Invocations
 + Level 11.7 Evocations


You had 10 spell levels left.
You knew the following spells:

 Your Spells              Type           Power        Failure   Level  Hunger
a - Ensorcelled Hibernat  Hex/Ice        ####..       1%          2    None
b - Confuse               Hex            ####....     1%          3    None
c - Dazzling Spray        Conj/Hex       ####..       1%          3    None
d - Tukima's Dance        Hex            ####....     1%          3    None
e - Blink                 Tloc           N/A          1%          2    None
f - Call Imp              Summ           ####....     1%          2    None
g - Conjure Flame         Conj/Fire      ####....     1%          3    None
h - Mephitic Cloud        Conj/Pois/Air  ####....     1%          3    None
i - Sticky Flame          Conj/Fire      ####....     1%          4    #......
j - Spectral Weapon       Hex/Chrm       ####....     1%          3    None


Dungeon Overview and Level Annotations

Branches:
Dungeon (15/15)            Temple (0/1) D:6            Lair (6/6) D:9
 Shoals (3/4) Lair:2        Snake (4/4) Lair:2        Slime (0/5) Lair:5
    Orc (2/2) D:11            Elf (0/3) Orc:2        Vaults (0/5) D:14
 Depths (0/5) D:15

Altars:
Cheibriados
Dithmenos
Gozag
Hepliaklqana
Kikubaaqudgha
Makhleb
Okawaru
Qazlal
Vehumet
Xom
The Shining One
Beogh

Shops:
D:8 !}:*   D:12 [   Orc:1 ?   Orc:2 *::!*   Shoals:1 *=(

Annotations:
D:5 exclusion: statue
Snake:1 Aizul


Innate Abilities, Weirdness & Mutations

Your experience applies equally to all skills.
You have very sharp teeth.
Your uncanny sense of smell can sniff out nearby items.
[Armour fits poorly on your strangely shaped body.]
[You occasionally shout uncontrollably at your foes.]
[Your spells are easier to cast, but less powerful.]


Message History

You pass through the gate.
Welcome back to the Shoals!
You can no longer depart the Abyss at will.
The merfolk misses you.
The merfolk impaler completely misses you.
The merfolk hits you but does no damage.
The merfolk impaler hits you from afar with a demon trident of electrocution.
* * * LOW HITPOINT WARNING * * *
As you read the scroll of teleportation, it crumbles to dust.
You feel strangely unstable.
The merfolk impaler hits you but does no damage.
You are electrocuted!
* * * LOW HITPOINT WARNING * * *
Unknown command.
You enter the shallow water.
Moving in this stuff is going to be slow.
The merfolk impaler hits you from afar with a demon trident of electrocution!
* * * LOW HITPOINT WARNING * * *
You are electrocuted!
You die...

....(....≈≈≈≈≈≈≈≈≈≈≈≈≈
P.((≈≈≈≈≈≈≈≈≈≈≈≈≈≈≈≈≈≈..
...≈≈≈≈≈≈≈≈≈≈≈≈≈...≈≈.##
PP≈≈≈≈≈≈≈≈≈≈≈≈≈....≈..##
≈P≈≈≈≈≈≈≈≈≈≈≈≈≈≈≈≈...^##
≈≈≈≈≈≈≈≈≈≈≈≈≈≈≈≈≈≈≈≈....
≈≈≈≈≈≈≈≈$((≈≈≈≈≈≈≈≈.....
≈≈≈≈≈≈≈≈≈((.)≈≈≈≈≈......
≈≈≈≈≈≈≈@###...≈≈........
≈≈≈≈≈≈≈..##(..≈≈≈.......
≈≈≈.≈≈≈.m##..≈≈.......##
≈≈≈≈≈≈≈≈.m...≈))..≈.≈>..
≈≈≈≈≈≈≈≈≈.(≈≈.)..≈≈≈.>..
≈≈≈≈≈≈≈≈≈≈≈≈[≈.#..≈...≈≈
≈≈≈≈≈≈≈≈≈≈≈≈≈≈......≈≈≈≈
≈≈≈≈≈≈≈≈≈≈≈≈..≈≈≈≈..≈≈≈≈
≈≈≈≈≈≈≈≈≈≈≈≈≈≈≈≈≈.≈≈≈≈≈


You could see a merfolk impaler and a merfolk.

Vanquished Creatures
  Vashnia (Snake:2)
  Polyphemus (Shoals:2)
  A tentacled starspawn (Abyss:2)
  Kirke (Snake:3)
  Donald (Shoals:2)
  A nagaraja (Snake:2)
  Louise (D:14)
  Nessos (D:12)
  A dire elephant (D:15)
  A yaktaur captain (D:14)
  Harold (D:12)
  6 hydras
  A catoblepas (Shoals:2)
  A naga warrior (Snake:3)
  2 merfolk avatars
  Erolcha (D:12)
  6 anacondas
  3 centaur warriors (D:14)
  5 death yaks
  6 two-headed ogres
  3 shock serpents
  11 naga sharpshooters
  5 sea snakes
  A wretched star (Abyss:2)
  2 unseen horrors
  A naga ritualist (Snake:1)
  4 harpies (Shoals:1)
  2 deep elf magi
  5 orc knights
  4 mana vipers
  28 ugly things
  6 cyclopes
  A wolf spider (D:15)
  2 orc sorcerers
  3 salamanders
  4 fauns (Shoals:2)
  6 manticores
  6 elephants (Lair:5)
  28 black mambas
  Joseph (D:8)
  A merfolk siren (Shoals:3)
  Maurice (Orc:1)
  6 naga magi
  Psyche (D:11)
  2 water nymphs
  2 torpor snails
  11 spiny frogs
  A freezing wraith (D:13)
  A redback zombie (D:14)
  2 kobold demonologists
  3 yaktaurs (D:14)
  An efreet (D:14)
  4 rime drakes
  An ancient zyme (Abyss:2)
  10 komodo dragons
  A harpy zombie (D:15)
  A queen bee (Lair:3)
  17 merfolk
  3 wind drakes (Shoals:1)
  A wind drake (shapeshifter) (D:14)
  7 polar bears
  A slime creature (D:14)
  4 trolls
  4 hornets
  6 snapping turtles
  2 dream sheep (Lair:6)
  5 blink frogs
  10 hippogriffs
  Sigmund (D:5)
  11 spriggans (Lair:6)
  3 shadows (D:14)
  3 wyverns
  A water elemental (Shoals:2)
  2 wraiths
  8 hogs
  60 yaks
  A human (D:7)
  7 basilisks
  A steam dragon (D:15)
  Menkaure (D:6)
  2 hungry ghosts
  5 vampire mosquitoes (D:14)
  6 wargs
  16 nagas
  A soldier ant (D:11)
  Edmund (D:5)
  15 water moccasins
  A porcupine (Lair:2)
  A sky beast (D:12)
  6 ice beasts
  5 phantoms
  8 black bears
  3 necrophages
  An eye of draining (Abyss:2)
  47 orc warriors
  9 ogres
  9 boggarts
  21 wolves
  5 centaurs
  13 crocodiles
  A big kobold (D:8)
  14 bullfrogs
  A gnoll sergeant (D:9)
  A wyvern skeleton (D:8)
  3 scorpions
  A hornet simulacrum (D:14)
  9 wights
  50 killer bees
  2 vampire bats (Lair:5)
  7 howler monkeys
  An electric eel (D:10)
  2 jellies
  7 crimson imps
  A bullfrog zombie (D:8)
  7 hounds
  2 centaur zombies
  A quasit (D:8)
  6 centaur skeletons
  18 orc priests
  26 orc wizards
  Natasha (twice) (D:4)
  9 worker ants
  8 iguanas
  2 hell rats (D:9)
  A worker ant zombie (D:8)
  21 adders
  12 gnolls
  A howler monkey skeleton (D:4)
  6 shadow imps
  An ufetubus (Abyss:2)
  3 oozes
  An adder skeleton (D:7)
  4 adder zombies
  5 worms
  3 dart slugs
  3 leopard geckos
  111 orcs
  8 giant cockroaches
  11 goblins
  6 hobgoblins
  17 jackals
  22 kobolds
  6 quokkas
  2 ball pythons
  A ball python skeleton (D:4)
  14 bats
  5 frilled lizards
  A leopard gecko zombie (D:5)
  A quokka skeleton (D:9)
  5 rats
  A starspawn tentacle (Abyss:2)
1001 creatures vanquished.

Vanquished Creatures (collateral kills)
  A two-headed ogre (D:11)
  A salamander (D:15)
  A merfolk (Shoals:2)
  A yak (Lair:1)
  An eye of draining (D:10)
  An orc warrior (D:11)
  A wight (D:11)
  A hound (D:10)
  An iguana (D:10)
9 creatures vanquished.

Vanquished Creatures (others)
  A merfolk aquamancer (Shoals:3)
  A merfolk (Shoals:3)
  An eye of draining (Abyss:2)
  A killer bee (D:10)
  5 fungi
  10 plants
  2 starspawn tentacles (Abyss:2)
21 creatures vanquished.

Grand Total: 1031 creatures vanquished

Notes
Turn   | Place    | Note
-------+----------+-------------------------------------------
     0 | D:1      | tsouns the Gnoll Wanderer began the quest for the Orb.
     0 | D:1      | tsouns set off with: a wand of paralysis (15), a +0 ring mail, a +0 shortbow, 28 arrows, a ration
     0 | D:1      | Reached XP level 1. HP: 23/23 MP: 2/2
    97 | D:1      | Reached XP level 2. HP: 29/29 MP: 3/3
   488 | D:1      | Reached XP level 3. HP: 35/35 MP: 4/4
   665 | D:2      | Reached skill level 1 in Invocations
   857 | D:1      | Reached skill level 1 in Short Blades
   857 | D:1      | Reached skill level 1 in Long Blades
   857 | D:1      | Reached skill level 1 in Axes
   857 | D:1      | Reached skill level 1 in Maces & Flails
   857 | D:1      | Reached skill level 1 in Polearms
   857 | D:1      | Reached skill level 1 in Staves
   857 | D:1      | Reached skill level 1 in Slings
   857 | D:1      | Reached skill level 1 in Crossbows
   857 | D:1      | Reached skill level 1 in Throwing
   857 | D:1      | Reached skill level 1 in Unarmed Combat
   857 | D:1      | Reached skill level 1 in Spellcasting
  1080 | D:2      | Reached XP level 4. HP: 39/41 MP: 6/6
  1215 | D:2      | Reached skill level 1 in Conjurations
  1215 | D:2      | Reached skill level 1 in Hexes
  1215 | D:2      | Reached skill level 1 in Charms
  1215 | D:2      | Reached skill level 1 in Summonings
  1215 | D:2      | Reached skill level 1 in Necromancy
  1215 | D:2      | Reached skill level 1 in Translocations
  1215 | D:2      | Reached skill level 1 in Transmutations
  1215 | D:2      | Reached skill level 1 in Fire Magic
  1215 | D:2      | Reached skill level 1 in Ice Magic
  1215 | D:2      | Reached skill level 1 in Air Magic
  1215 | D:2      | Reached skill level 1 in Earth Magic
  1215 | D:2      | Reached skill level 1 in Poison Magic
  1560 | D:2      | Reached XP level 5. HP: 44/47 MP: 7/7
  1959 | D:3      | Found a glowing golden altar of the Shining One.
  2087 | D:3      | Reached XP level 6. HP: 53/53 MP: 8/8
  2522 | D:3      | Found a stormy altar of Qazlal.
  2608 | D:4      | Reached skill level 5 in Dodging
  3337 | D:4      | Noticed Natasha
  3337 | D:4      | Noticed a phantom
  3348 | D:4      | Killed Natasha
  3378 | D:4      | Killed a phantom
  3378 | D:4      | Reached XP level 7. HP: 48/59 MP: 10/10
  3674 | D:4      | Noticed Natasha
  3681 | D:4      | Killed Natasha
  3862 | D:5      | Entered Level 5 of the Dungeon
  4249 | D:5      | Found a radiant altar of Vehumet.
  4477 | D:5      | Reached XP level 8. HP: 67/67 MP: 12/12
  4532 | D:5      | Noticed Sigmund
  4541 | D:5      | Killed Sigmund
  4568 | D:5      | Noticed Edmund
  4601 | D:5      | Killed Edmund
  5037 | D:6      | Found an ancient bone altar of Kikubaaqudgha.
  5126 | D:6      | Noticed Menkaure
  5140 | D:6      | Killed Menkaure
  5206 | D:6      | Found an iron altar of Okawaru.
  5213 | D:6      | Became a worshipper of Warmaster Okawaru
  5364 | D:6      | Found a staircase to the Ecumenical Temple.
  5457 | D:7      | Noticed a hippogriff
  5484 | D:6      | Killed a hippogriff
  5484 | D:6      | Reached XP level 9. HP: 28/72 MP: 14/14
  5917 | D:7      | Reached * piety under Okawaru
  5949 | D:7      | Learned a level 2 spell: Ensorcelled Hibernation
  5953 | D:7      | Learned a level 3 spell: Confuse
  5957 | D:7      | Learned a level 3 spell: Dazzling Spray
  5961 | D:7      | Learned a level 3 spell: Tukima's Dance
  6358 | D:7      | Reached skill level 5 in Bows
  6358 | D:7      | Reached skill level 5 in Armour
  6358 | D:7      | Reached skill level 5 in Shields
  6358 | D:7      | Reached skill level 5 in Evocations
  6652 | D:7      | Reached skill level 5 in Stealth
  6918 | D:7      | Learned a level 2 spell: Blink
  6921 | D:7      | Learned a level 2 spell: Call Imp
  7050 | D:7      | Got a brightly glowing robe
  7509 | D:8      | Reached skill level 5 in Invocations
  7518 | D:8      | Reached ** piety under Okawaru
  7527 | D:8      | Found an opulent altar of Gozag.
  7572 | D:8      | Found Uffyph Zega's Assorted Antiques.
  7577 | D:8      | Found Oteugh's Book Shoppe.
  7579 | D:8      | Found Vuicinku's Gadget Shoppe.
  7581 | D:8      | Noticed Joseph
  7583 | D:8      | Found Pishu's Distillery.
  7592 | D:8      | Killed Joseph
  7592 | D:8      | Reached XP level 10. HP: 61/80 MP: 15/17
  7609 | D:8      | Bought a brightly glowing leather armour for 175 gold pieces
  7613 | D:8      | Bought 2 potions of heal wounds for 130 gold pieces
  7613 | D:8      | Bought a potion of heal wounds for 65 gold pieces
  7613 | D:8      | Bought a potion of curing for 39 gold pieces
  7623 | D:8      | Identified the cursed +1 leather armour of Rutaeda {+Blink rF- Slay+2} (You bought it in a shop on level 8 of the Dungeon)
  7634 | D:8      | Identified the +2 robe "Daugrina" {Int+3 Stlth+} (You found it on level 7 of the Dungeon)
  7654 | D:8      | Found a hazy altar of Hepliaklqana.
  8033 | D:8      | Learned a level 3 spell: Conjure Flame
  8052 | D:8      | Reached skill level 5 in Short Blades
  8052 | D:8      | Reached skill level 5 in Long Blades
  8052 | D:8      | Reached skill level 5 in Axes
  8052 | D:8      | Reached skill level 5 in Maces & Flails
  8052 | D:8      | Reached skill level 5 in Polearms
  8052 | D:8      | Reached skill level 5 in Staves
  8052 | D:8      | Reached skill level 5 in Slings
  8052 | D:8      | Reached skill level 5 in Crossbows
  8052 | D:8      | Reached skill level 5 in Throwing
  8052 | D:8      | Reached skill level 5 in Unarmed Combat
  8052 | D:8      | Reached skill level 5 in Spellcasting
  8392 | D:8      | Found a burning altar of Makhleb.
  8394 | D:8      | Found a snail-covered altar of Cheibriados.
  8395 | D:8      | Found a shadowy altar of Dithmenos.
  9419 | D:9      | Reached *** piety under Okawaru
  9812 | D:9      | HP: 4/82 [orc priest/divine providence (15)]
 10248 | D:9      | Noticed a death yak
 10252 | D:9      | Noticed a death yak
 10294 | D:9      | Killed a death yak
 10294 | D:9      | Reached **** piety under Okawaru
 10315 | D:8      | Killed a death yak
 10315 | D:8      | Reached XP level 11. HP: 53/87 MP: 16/19
 10470 | D:9      | Noticed a death yak
 10533 | D:8      | Killed a death yak
 10533 | D:8      | Received a gift from Okawaru
 11083 | D:9      | HP: 4/89 [hell rat (4)]
 11672 | D:9      | Reached skill level 5 in Conjurations
 11672 | D:9      | Reached skill level 5 in Hexes
 11672 | D:9      | Reached skill level 5 in Charms
 11672 | D:9      | Reached skill level 5 in Summonings
 11672 | D:9      | Reached skill level 5 in Necromancy
 11672 | D:9      | Reached skill level 5 in Translocations
 11672 | D:9      | Reached skill level 5 in Transmutations
 11672 | D:9      | Reached skill level 5 in Fire Magic
 11672 | D:9      | Reached skill level 5 in Ice Magic
 11672 | D:9      | Reached skill level 5 in Air Magic
 11672 | D:9      | Reached skill level 5 in Earth Magic
 11672 | D:9      | Reached skill level 5 in Poison Magic
 11806 | D:9      | Learned a level 3 spell: Mephitic Cloud
 11820 | D:9      | Found a staircase to the Lair.
 11865 | D:9      | Found an iron altar of Okawaru.
 11911 | D:9      | Found a shimmering altar of Xom.
 12041 | Lair:1   | Entered Level 1 of the Lair of Beasts
 12856 | Lair:1   | Reached ***** piety under Okawaru
 14408 | Lair:2   | HP: 3/89 [komodo dragon (22)]
 14611 | Lair:2   | Received a gift from Okawaru
 14751 | Lair:2   | Noticed a manticore
 14764 | Lair:2   | Killed a manticore
 14764 | Lair:2   | Reached XP level 12. HP: 32/96 MP: 22/22
 15094 | Lair:2   | Found a staircase to the Shoals.
 15147 | Lair:2   | Noticed a seven-headed hydra
 15291 | Lair:2   | Found a staircase to the Snake Pit.
 15305 | Lair:2   | HP: 4/96 [black mamba (16)]
 15652 | D:10     | Entered Level 10 of the Dungeon
 15678 | D:10     | Received a gift from Okawaru
 16285 | D:10     | Noticed a two-headed ogre
 16307 | D:10     | Killed a two-headed ogre
 16307 | D:10     | Received a gift from Okawaru
 17313 | D:11     | Noticed an eight-headed hydra
 17745 | Lair:3   | Noticed a five-headed hydra
 17762 | Lair:3   | Killed a five-headed hydra
 17762 | Lair:3   | Received a gift from Okawaru
 17931 | Lair:3   | Learned a level 4 spell: Sticky Flame
 18030 | Lair:3   | Received a gift from Okawaru
 18246 | Lair:3   | Got a polished rapier
 18247 | Lair:3   | Identified the +7 rapier of Istrotzi {pain, Str+5} (You found it on level 3 of the Lair of Beasts)
 18396 | Lair:3   | Reached ****** piety under Okawaru
 18491 | Lair:3   | Reached skill level 10 in Fighting
 18671 | Lair:4   | Noticed a five-headed hydra
 18686 | Lair:4   | Killed a five-headed hydra
 18939 | Lair:4   | Reached XP level 13. HP: 71/103 MP: 19/24
 19811 | Lair:5   | Received a gift from Okawaru
 19865 | Lair:5   | Found a staircase to the Slime Pits.
 20314 | Lair:6   | Entered Level 6 of the Lair of Beasts
 20407 | Lair:6   | Learned a level 3 spell: Spectral Weapon
 20910 | Lair:6   | Received a gift from Okawaru
 21106 | Lair:6   | Got a fine brass ring
 21107 | Lair:6   | Identified the ring of Quigg {MP+9 Str+2} (You found it on level 6 of the Lair of Beasts)
 21390 | Lair:6   | Found a glowing golden altar of the Shining One.
 21699 | Lair:6   | Reached XP level 14. HP: 111/111 MP: 26/26
 22208 | D:11     | Found a staircase to the Orcish Mines.
 22274 | D:11     | Received a gift from Okawaru
 22377 | D:11     | Noticed Psyche
 22384 | D:11     | Killed Psyche
 22384 | D:11     | Reached skill level 10 in Dodging
 22489 | D:11     | Received a gift from Okawaru
 23155 | D:12     | Noticed Erolcha
 23166 | D:12     | Killed Erolcha
 23539 | D:12     | Noticed Harold
 23583 | D:12     | Killed Harold
 23656 | D:12     | Reached skill level 10 in Invocations
 23686 | D:12     | Found Qomau's Antique Armour Shop.
 23876 | D:12     | Noticed Nessos
 23903 | D:12     | Killed Nessos
 25204 | D:14     | Received a gift from Okawaru
 25398 | D:14     | Reached XP level 15. HP: 70/119 MP: 23/28
 25406 | D:14     | Received a gift from Okawaru
 25442 | D:14     | Found a gate to the Vaults.
 25521 | D:14     | Noticed Louise
 25540 | D:14     | Reached skill level 10 in Bows
 25540 | D:14     | Reached skill level 10 in Armour
 25540 | D:14     | Reached skill level 10 in Shields
 25540 | D:14     | Reached skill level 10 in Evocations
 25547 | D:14     | Killed Louise
 25547 | D:14     | Reached skill level 10 in Stealth
 26114 | D:14     | Received a gift from Okawaru
 26306 | D:14     | Reached skill level 10 in Short Blades
 26306 | D:14     | Reached skill level 10 in Long Blades
 26306 | D:14     | Reached skill level 10 in Axes
 26306 | D:14     | Reached skill level 10 in Maces & Flails
 26306 | D:14     | Reached skill level 10 in Polearms
 26306 | D:14     | Reached skill level 10 in Staves
 26306 | D:14     | Reached skill level 10 in Slings
 26306 | D:14     | Reached skill level 10 in Crossbows
 26306 | D:14     | Reached skill level 10 in Throwing
 26306 | D:14     | Reached skill level 10 in Unarmed Combat
 26306 | D:14     | Reached skill level 10 in Spellcasting
 26638 | D:15     | Entered Level 15 of the Dungeon
 26655 | D:15     | Received a gift from Okawaru
 27412 | D:15     | Found a staircase to the Depths.
 28214 | Orc:1    | Entered Level 1 of the Orcish Mines
 28524 | Orc:2    | Entered Level 2 of the Orcish Mines
 28524 | Orc:2    | Found Luipp's Book Shop.
 28526 | Orc:2    | Noticed Maurice
 28633 | Orc:1    | Killed Maurice
 28694 | Orc:2    | Bought a manual of Bows for 1324 gold pieces
 28723 | Orc:2    | Found a staircase to the Elven Halls.
 28735 | Orc:2    | Received a gift from Okawaru
 28934 | Orc:2    | Reached XP level 16. HP: 127/127 MP: 30/30
 28972 | Orc:2    | Found Ywileth's Assorted Antiques.
 28972 | Orc:2    | Found Kowarru's Distillery.
 28982 | Orc:2    | Bought a scroll of teleportation for 84 gold pieces
 29004 | Orc:2    | Bought a potion of heal wounds for 75 gold pieces
 29004 | Orc:2    | Bought a potion of heal wounds for 75 gold pieces
 29004 | Orc:2    | Bought 2 potions of curing for 90 gold pieces
 29097 | Orc:2    | Found a roughly hewn altar of Beogh.
 29427 | Orc:2    | Found Zecea's Book Boutique.
 29427 | Orc:2    | Found Hysihel's General Store.
 29729 | Orc:1    | Found Keman's Magic Scroll Boutique.
 29734 | Orc:1    | Bought a scroll of teleportation for 54 gold pieces
 29794 | Orc:2    | Bought a potion of curing for 45 gold pieces
 29794 | Orc:2    | Bought a potion of haste for 150 gold pieces
 29854 | D:11     | Upgraded the game from 0.22-a0-135-g6f012ad to 0.22-a0-136-g83a10e5
 30024 | Snake:1  | Entered Level 1 of the Snake Pit
 30517 | Snake:1  | Noticed Aizul
 31051 | Snake:2  | Received a gift from Okawaru
 31056 | Snake:2  | Got a silken robe {god gift}
 31067 | Snake:2  | Identified the +1 robe "Rayfuyt" {MR+ Str+4 Dex+3 Slay+2} (Okawaru gifted it to you on level 2 of the Snake Pit)
 31192 | Snake:2  | Noticed Vashnia
 31198 | Snake:2  | Killed Vashnia
 31576 | Snake:2  | Noticed a nagaraja
 31582 | Snake:2  | Killed a nagaraja
 31793 | Snake:3  | Noticed Kirke
 31799 | Snake:3  | Killed Kirke
 32175 | Snake:3  | Received a gift from Okawaru
 32972 | Snake:4  | Entered Level 4 of the Snake Pit
 33013 | Snake:3  | Received a gift from Okawaru
 33013 | Snake:3  | Reached XP level 17. HP: 93/135 MP: 32/32
 33178 | Shoals:1 | Entered Level 1 of the Shoals
 33178 | Shoals:1 | Found Uweih's Weapon Emporium.
 33223 | Shoals:1 | Found Kuf Uwk's General Store.
 33606 | Shoals:1 | Found Ledustruc's Jewellery Boutique.
 34334 | Shoals:2 | Noticed Donald
 34343 | Shoals:2 | Killed Donald
 34705 | Shoals:2 | Noticed Polyphemus
 34723 | Shoals:2 | Killed Polyphemus
 34729 | Shoals:2 | Received a gift from Okawaru
 34741 | Shoals:2 | Got a slimy longbow {god gift}
 34742 | Shoals:2 | Identified the +5 longbow of Absolution {speed, Int+4} (Okawaru gifted it to you on level 2 of the Shoals)
 35086 | Shoals:3 | Cast into level 2 of the Abyss (merfolk)
 35249 | Abyss:2  | Noticed a tentacled starspawn
 35267 | Abyss:2  | HP: 4/135 [tentacled starspawn (11)]
 35271 | Abyss:2  | Killed a tentacled starspawn
 35291 | Abyss:2  | Paralysed by accursed screaming for 1 turns
 35293 | Abyss:2  | HP: 6/135 [starcursed mass/accursed screaming (7)]
 35301 | Abyss:2  | HP: 6/135 [large abomination (7)]
 35342 | Abyss:2  | Found a corrupted altar of Lugonu.
 35367 | Abyss:2  | Fell from the grace of Okawaru
 35367 | Abyss:2  | Became a worshipper of Lugonu the Unformed
 35367 | Abyss:2  | Reached * piety under Lugonu
 35368 | Shoals:3 | Escaped the Abyss
 35373 | Shoals:3 | HP: 2/135 [merfolk impaler/demon trident of electrocution (15)]
 35373 | Shoals:3 | Demolished by a merfolk impaler

Vault maps used:
D:1:      minmay_arrival_five_plusses
D:2:      first_ration
D:3:      nicolae_overflow_hidden_temple, nicolae_tso_carved_into_rock
D:4:      cheibrodos_sewer_entry_bend, kennysheep_cross_bottleneck,
          dk_noncrumbling_2, eino_curves_04, uniq_natasha
D:5:      vehumet_statue, sigmund_edmund_badplayer
D:6:      kennysheep_mini_moat, okawaru_trees_1, uniq_menkaure
D:7:      grunt_livestock
D:8:      nicolae_overflow_crystal_walls, grunt_temple_overflow_open,
          minmay_shop_grid_forest, grunt_gozag_statues, uniq_joseph
D:9:      lemuel_round_altar, dpeg_lair_monsters, xom_teletrap_fun
D:10:     fountainhead
D:11:     erik_orc_3, portal_ice_cave_entry_pillars_2, billiards_dpeg,
          uniq_psyche
D:12:     serial_shops, nicolae_shop_trees, uniq_nessos, uniq_erolcha,
          uniq_harold
D:14:     minmay_box_of_statues, david_vaults_2, glass_columns_b,
          kennysheep_decorative_pillar, dk_noncrumbling_3, uniq_louise
D:15:     hangedman_depths_entry_try_elsewhere_first, hangedman_decor_push,
          serial_column_ruins, column_ruins_hut_ruined, column_ruins_open_tiny,
          column_ruins_grid_1, column_ruins_grid_3, column_ruins_open_large,
          column_ruins_open_tiny
Lair:1:   beast_lair_carwin_large_2, cheibrodos_lair_caveside_slide
Lair:2:   minmay_shoals_entry_beasts, minmay_snake_entry_six_corridors
Lair:3:   special_room, beast_lair_carwin_4
Lair:4:   serial_bayou_lagoon_a, minmay_lair_drake_nest,
          infiniplex_staircase_pool
Lair:5:   slime_dummy, bh_autumn_forest_stairs, roderic_batcave,
          grunt_megastairs_1
Lair:6:   minmay_lair_end_enchanted_forest, basic_altar, serial_bayou_shore_b
Shoals:1: serial_shops, shop, shop, shop
Shoals:2: uniq_polyphemus, uniq_donald
Snake:1:  nicolae_snake_horde_hoard, uniq_aizul
Snake:2:  uniq_vashnia
Snake:3:  uniq_kirke
Snake:4:  grunt_snake_rune_spirals, lemuel_oklob_altar
Orc:1:    serial_shops, shop
Orc:2:    st_orc_town, serial_shops, shop_statue, uniq_maurice
Abyss:2:  evilmike_abyss_exit_kraken

Skill      XL: |  1  2  3  4  5  6  7  8  9 10 11 12 13 14 15 16 17 |
---------------+----------------------------------------------------+-----
Invocations    | 1 2 3 4 5 6 7 8 9 10 11 12 | 12.3
Short Blades   | 1 2 3 4 5 6 7 8 9 10 11 | 11.4
Long Blades    | 1 2 3 4 5 6 7 8 9 10 11 | 11.4
Axes           | 1 2 3 4 5 6 7 8 9 10 11 | 11.4
Maces & Flails | 1 2 3 4 5 6 7 8 9 10 11 | 11.4
Polearms       | 1 2 3 4 5 6 7 8 9 10 11 | 11.4
Staves         | 1 2 3 4 5 6 7 8 9 10 11 | 11.4
Slings         | 1 2 3 4 5 6 7 8 9 10 11 | 11.4
Crossbows      | 1 2 3 4 5 6 7 8 9 10 11 | 11.4
Throwing       | 1 2 3 4 5 6 7 8 9 10 11 | 11.4
Unarmed Combat | 1 2 3 4 5 6 7 8 9 10 11 | 11.4
Spellcasting   | 1 2 3 4 5 6 7 8 9 10 11 | 11.4
Conjurations   | 1 2 3 4 5 6 7 8 9 |  9.7
Hexes          | 1 2 3 4 5 6 7 8 9 |  9.7
Charms         | 1 2 3 4 5 6 7 8 9 |  9.7
Summonings     | 1 2 3 4 5 6 7 8 9 |  9.7
Necromancy     | 1 2 3 4 5 6 7 8 9 |  9.7
Translocations | 1 2 3 4 5 6 7 8 9 |  9.7
Transmutations | 1 2 3 4 5 6 7 8 9 |  9.7
Fire Magic     | 1 2 3 4 5 6 7 8 9 |  9.7
Ice Magic      | 1 2 3 4 5 6 7 8 9 |  9.7
Air Magic      | 1 2 3 4 5 6 7 8 9 |  9.7
Earth Magic    | 1 2 3 4 5 6 7 8 9 |  9.7
Poison Magic   | 1 2 3 4 5 6 7 8 9 |  9.7
Bows           | 3 4 5 6 7 8 9 10 12 | 12.7
Armour         | 3 4 5 6 7 8 9 10 11 | 11.7
Shields        | 3 4 5 6 7 8 9 10 11 | 11.7
Evocations     | 3 4 5 6 7 8 9 10 11 | 11.7
Stealth        | 3 4 5 6 7 8 9 10 11 | 11.6
Dodging        | 5 6 7 8 9 10 11 12 | 12.2
Fighting       | 7 8 9 10 11 12 | 12.9

Action                   |  1- 3 |  4- 6 |  7- 9 | 10-12 | 13-15 | 16-18 || total
-------------------------+-------+-------+-------+-------+-------+-------++-------
Melee: Spear             |    71 |   295 |       |       |       |       ||   366
       Bite              |     4 |    38 |    36 |    44 |   106 |    11 ||   239
       Flail             |       |       |   246 |   267 |       |       ||   513
       Punch             |       |       |     4 |    12 |    29 |     1 ||    46
       Halberd           |       |       |       |    45 |       |       ||    45
       Rapier            |       |       |       |    50 |   720 |    25 ||   795
       Demon blade       |       |       |       |       |       |     7 ||     7
 Fire: Shortbow          |    30 |    77 |   176 |   630 |       |       ||   913
       Triple crossbow   |       |       |       |       |     2 |       ||     2
       Longbow           |       |       |       |       |   697 |   739 ||  1436
Throw: Stone             |       |     1 |     1 |       |     8 |       ||    10
 Cast: Conjure Flame     |       |       |       |     6 |       |       ||     6
       Ensorcelled Hiber |       |       |       |     9 |     9 |       ||    18
       Confuse           |       |       |       |     9 |     6 |       ||    15
       Mephitic Cloud    |       |       |       |     2 |       |       ||     2
       Sticky Flame      |       |       |       |    15 |    78 |     1 ||    94
       Tukima's Dance    |       |       |       |       |    17 |       ||    17
       Dazzling Spray    |       |       |       |       |    13 |       ||    13
       Spectral Weapon   |       |       |       |       |     1 |       ||     1
Invok: Heroism           |       |       |       |     3 |     1 |       ||     4
       Depart the Abyss  |       |       |       |       |       |     1 ||     1
Evoke: Wand              |     2 |     4 |     2 |    36 |     6 |     2 ||    52
       Lightning rod     |       |       |       |     4 |     8 |     4 ||    16
       Lamp of fire      |       |       |       |     1 |     2 |     2 ||     5
  Use: Scroll            |     2 |     6 |    10 |    11 |    15 |     6 ||    50
       Potion            |       |     1 |     1 |     7 |     2 |     7 ||    18
 Stab: Sleeping          |     2 |       |     2 |     7 |    14 |       ||    25
       Paralysed         |       |    21 |       |     5 |       |       ||    26
       Distracted        |       |       |       |       |     3 |       ||     3
       Confused          |       |       |       |       |     2 |       ||     2
       Invisible         |       |       |       |       |     1 |       ||     1
  Eat: Chunk             |     1 |     7 |     7 |     7 |    23 |     6 ||    51
       Ration            |       |       |     2 |     9 |     5 |     4 ||    20
Armor: Ring mail         |    23 |    83 |     9 |       |       |       ||   115
       Scale mail        |       |       |   143 |    90 |       |       ||   233
       Leather armour    |       |       |       |   153 |   141 |       ||   294
       Robe              |       |       |       |    11 |       |    77 ||    88
       Troll leather arm |       |       |       |       |   230 |    66 ||   296
Dodge: Dodged            |    54 |   182 |   207 |   671 |   922 |   377 ||  2413
Block: Buckler           |       |       |       |       |    14 |       ||    14
       Other             |       |       |       |       |       |    53 ||    53
       Reflection        |       |       |       |       |       |    11 ||    11
       Rpst.: Demon blade |       |       |       |       |       |     5 ||     5

Table legend:
 A = Spawn XP
 B = Non-spawn XP
 C = Spawn XP percentage of total XP
 D = Spawn monster count
 E = Non-spawn monster count
 F = Spawn count percentage of total count
 G = Total turns spent on level
                    A         B        C        D         E        F      G
               +---------+---------+-------+---------+---------+-------+---------
         Total |    3030 |  213134 |   1.4 |       4 |    1007 |   0.4 | 35373
               +---------+---------+-------+---------+---------+-------+---------
           D:1 |       0 |      47 |   0.0 |       0 |      23 |   0.0 |   868
           D:2 |       0 |     125 |   0.0 |       0 |      29 |   0.0 |   806
           D:3 |       0 |     256 |   0.0 |       0 |      26 |   0.0 |  1247
           D:4 |       0 |     366 |   0.0 |       0 |      24 |   0.0 |  1113
           D:5 |       0 |     998 |   0.0 |       0 |      18 |   0.0 |   820
           D:6 |       0 |     990 |   0.0 |       0 |      11 |   0.0 |  1129
           D:7 |       0 |    1363 |   0.0 |       0 |      31 |   0.0 |  1513
           D:8 |       0 |    3979 |   0.0 |       0 |      37 |   0.0 |  2697
           D:9 |       0 |    3550 |   0.0 |       0 |      49 |   0.0 |  2028
          D:10 |       0 |    3177 |   0.0 |       0 |      50 |   0.0 |  1800
          D:11 |       0 |    8401 |   0.0 |       0 |      56 |   0.0 |  1180
          D:12 |       0 |   12503 |   0.0 |       0 |      46 |   0.0 |   897
          D:13 |       0 |    5052 |   0.0 |       0 |      28 |   0.0 |  1100
          D:14 |       0 |   30294 |   0.0 |       0 |      90 |   0.0 |  1752
          D:15 |       0 |    9527 |   0.0 |       0 |      27 |   0.0 |  1004
        Lair:1 |       0 |    3724 |   0.0 |       0 |      18 |   0.0 |  2275
        Lair:2 |       0 |    5840 |   0.0 |       0 |      32 |   0.0 |  1915
        Lair:3 |       0 |    5517 |   0.0 |       0 |      30 |   0.0 |  1028
        Lair:4 |       0 |    3911 |   0.0 |       0 |      10 |   0.0 |   743
        Lair:5 |       0 |    7707 |   0.0 |       0 |      39 |   0.0 |   962
        Lair:6 |       0 |   13658 |   0.0 |       0 |      72 |   0.0 |  1561
      Shoals:1 |       0 |    7817 |   0.0 |       0 |      18 |   0.0 |   652
      Shoals:2 |       0 |   17472 |   0.0 |       0 |      29 |   0.0 |  1031
      Shoals:3 |       0 |    4352 |   0.0 |       0 |      10 |   0.0 |   230
       Snake:1 |       0 |    9614 |   0.0 |       0 |      24 |   0.0 |   664
       Snake:2 |       0 |   23544 |   0.0 |       0 |      32 |   0.0 |  1124
       Snake:3 |       0 |   14527 |   0.0 |       0 |      24 |   0.0 |  1288
       Snake:4 |       0 |    1632 |   0.0 |       0 |       4 |   0.0 |    23
         Orc:1 |       0 |    3678 |   0.0 |       0 |      28 |   0.0 |   522
         Orc:2 |       0 |    9191 |   0.0 |       0 |      91 |   0.0 |  1119
       Abyss:2 |    3030 |     322 |  90.4 |       4 |       1 |  80.0 |   282
               +---------+---------+-------+---------+---------+-------+---------
